 Dungeon Sprint DCSS version 0.20.1-1-g8b1a95d (webtiles) character file.

130 Sphara the Fighter (level 5, -6/51 HPs)
             Began as a Barachi Gladiator on Dec 11, 2017.
             Mangled by an ice beast (9 damage)
             ... summoned by a deep elf mage
             ... in the Dungeon (Sprint III: "The Ten Rune Challenge").
             The game lasted 00:04:21 (639 turns).

Sphara the Fighter (Barachi Gladiator)               Turns: 639, Time: 00:04:22

Health: -6/51      AC:  4    Str: 17    XL:     5   Next: 14%
Magic:  5/5        EV: 13    Int:  8    God:
Gold:   32         SH:  0    Dex: 13    Spells: 4/4 levels left

rFire    . . .     SeeInvis .   a - +0 trident
rCold    . . .     Gourm    .   (no shield)
rNeg     . . .     Faith    .   b - +0 leather armour
rPois    .         Spirit   .   c - +0 helmet
rElec    .         Reflect  .   (no cloak)
rCorr    .         Harm     .   (no gloves)
MR       .....     Clarity  +   (no boots) Stlth +.........NoTele +
                                (no amulet)
Regen    0.2/turn               (no ring)
MPRegen  0.1/turn               (no ring)

@: slow
A: +LOS, swims, hooves 1, clarity, slowness 1, strong legs 1
a: Hop


You were in the Dungeon.
You were not hungry.

You visited 1 branch You collected 32 gold pieces.

Inventory:

Hand Weapons
 a - a +0 trident (weapon)
Missiles
 j - 16 poisoned needles
Armour
 b - a +0 leather armour (worn)
 c - a +0 helmet (worn)
Scrolls
 k - a scroll of blinking
 n - 2 scrolls of immolation
 q - a scroll of remove curse
Potions
 h - a potion of haste
 i - 2 potions of magic
 m - 3 potions of mutation
 p - 2 potions of flight
Comestibles
 f - 2 bread rations
 r - a fruit


   Skills:
 + Level 8.6 Fighting
 + Level 7.5 Polearms
 - Level 2.0 Throwing
 - Level 3.2 Dodging


You had 4 spell levels left.
You didn't know any spells.

Dungeon Overview and Level Annotations

Branches:
Dungeon (1/1)

Altars:
Elyvilon
Zin
The Shining One


Innate Abilities, Weirdness & Mutations

Shadows flee at your approach. (+LOS)
You can swim through water.
You cover ground slowly.
You can hop short distances.
You have large cloven feet.
You possess an exceptional clarity of mind.


Message History

* * * LOW HITPOINT WARNING * * *
The deep elf mage drinks a potion.
The deep elf mage is healed!
You completely miss the ice beast.
The ice beast is moderately wounded.
The ice beast hits you but does no damage.
You hit the ice beast.
The ice beast is moderately wounded.
The ice beast barely misses you.
Attack whom?
Press: ? - help, Dir - move target cursor, f/p - deep elf mage
Aim: a deep elf mage, wielding a long sword of holy wrath (severely wounded)
You reach to attack!
You closely miss the deep elf mage.
The deep elf mage is severely wounded.
You feel less wooden.
Your +0 helmet unmelds from your body.
Your +0 leather armour unmelds from your body.
The ice beast hits you.
* * * LOW HITPOINT WARNING * * *
The ice beast freezes you!
You die...

▓▓▓▓ ▓▓▓ ...#### ##.#####
......#####..#___#
.......#..#..#..Y#
#.##...#..#..###@#+###+##
#.###..##'#..#e.........#
##.##..###...'.⌠........#
..##..####...#...######+#
..##..###....#.⌠.#
.##...##.....#...#
##....#......#+###
##..##.#.....#
#..#####....#


You could see a deep elf mage and an ice beast.

Vanquished Creatures
  A water elemental (D)
  A scorpion (D)
  A human (D)
  An ooze (D)
  3 rats (D)
7 creatures vanquished.

Vanquished Creatures (others)
  2 draconian scorchers (D)
  6 hellions (D)
  2 yaktaurs (D)
10 creatures vanquished.

Grand Total: 17 creatures vanquished

Notes
Turn   | Place    | Note
-------+----------+-------------------------------------------
     0 | D        | Sphara the Barachi Gladiator began the quest for the Orb.
     0 | D        | Reached XP level 1. HP: 17/17 MP: 1/1
     9 | D        | Reached skill level 3 in Fighting
    23 | D        | Killed a yaktaur
    51 | D        | Reached XP level 2. HP: 25/25 MP: 2/2
    60 | D        | Noticed a scorpion
    82 | D        | Reached skill level 5 in Fighting
    82 | D        | Reached skill level 5 in Polearms
    82 | D        | Reached XP level 3. HP: 21/33 MP: 3/3
   118 | D        | Killed a hellion
   126 | D        | Killed a hellion
   144 | D        | Killed a hellion
   145 | D        | Killed a hellion
   146 | D        | Killed a hellion
   166 | D        | Killed a hellion
   195 | D        | Killed a white draconian scorcher
   203 | D        | Killed a white draconian scorcher
   225 | D        | Killed a scorpion
   225 | D        | Reached skill level 7 in Fighting
   225 | D        | Reached XP level 4. HP: 15/43 MP: 4/4
   506 | D        | Killed a yaktaur
   542 | D        | Gained mutation: You have large cloven feet. [potion of mutation]
   542 | D        | Gained mutation: You possess an exceptional clarity of mind. [potion of mutation]
   543 | D        | Noticed a water elemental
   551 | D        | Killed a water elemental
   551 | D        | Reached skill level 8 in Fighting
   551 | D        | Reached XP level 5. HP: 51/51 MP: 5/5
   602 | D        | Found a glowing silver altar of Zin.
   602 | D        | Found a glowing golden altar of the Shining One.
   602 | D        | Found a white marble altar of Elyvilon.
   603 | D        | Noticed a deep elf mage
   618 | D        | Noticed an ice beast
   639 | D        | Mangled by an ice beast

Skill      XL: |  1  2  3  4 |
---------------+-------------+-----
Fighting       | 3 5 7 8 |  8.6
Polearms       | 4 5 6 7 |  7.5
Throwing       | |  2.0
Dodging        | |  3.2

Action                   |  1- 3 |  4- 6 || total
-------------------------+-------+-------++-------
Melee: Trident           |    30 |    39 ||    69
Throw: Throwing net      |     3 |     1 ||     4
 Abil: Hop               |     1 |       ||     1
  Use: Potion            |     1 |     5 ||     6
       Scroll            |       |     4 ||     4
Armor: Leather armour    |     3 |     1 ||     4
       Skin              |       |    24 ||    24
Dodge: Dodged            |    10 |     7 ||    17
